 Dungeon Crawl Stone Soup version 0.23-a0-844-gdc03e01 (webtiles) character file.

44707 ohad the Severer (level 14, -3/127 HPs)
             Began as a Hill Orc Fighter on Jan 26, 2019.
             Was a High Priest of Makhleb.
             Slain by a blink frog (13 damage)
             ... on level 3 of the Lair of Beasts.
             The game lasted 00:45:01 (17008 turns).

ohad the Severer (Hill Orc Fighter)                Turns: 17008, Time: 00:45:01

Health: -3/127     AC: 19    Str: 20    XL:     14   Next: 29%
Magic:  22/22      EV:  4    Int:  8    God:    Makhleb [*****.]
Gold:   1059       SH:  7    Dex: 14    Spells: 13/13 levels left

rFire    . . .     SeeInvis .   m - +3 war axe (freeze)
rCold    . . .     Gourm    .   c - +0 shield
rNeg     . . .     Faith    .   F - +1 chain mail {rPois}
rPois    +         Spirit   .   (no helmet)
rElec    .         Reflect  .   t - +2 cloak
rCorr    .         Harm     .   P - +0 pair of gloves
MR       +....                  T - +0 pair of boots
Stlth    ..........             k - amulet of magic regeneration (curse)
HPRegen  0.31/turn              I - +5 ring of protection
MPRegen  0.43/turn              j - +3 ring of slaying

@: hasted, extremely drained, very quick
A: no striking features
a: Minor Destruction, Lesser Servant of Makhleb, Major Destruction, Greater
Servant of Makhleb, Renounce Religion


You were on level 3 of the Lair of Beasts.
You worshipped Makhleb.
Makhleb was extremely pleased with you.
You were not hungry.

You visited 3 branches of the dungeon, and saw 19 of its levels.

You collected 1263 gold pieces.
You spent 204 gold pieces at shops.

Inventory:

Hand Weapons
 m - a +3 war axe of freezing (weapon)
 n - a +4 scimitar of flaming
 x - the +8 mace "Onlimnu" {crush, +Blink rElec Int+9 Dex-4}
   (You found it on level 4 of the Dungeon)

   It inflicts extra damage upon your enemies.
   It affects your intelligence (+9).
   It affects your dexterity (-4).
   It insulates you from electricity.
   It lets you blink.
 A - a +0 whip of freezing
 H - a +0 blowgun
 K - a +0 battleaxe
 L - a +1 flail of holy wrath
 Y - a +0 broad axe
Missiles
 e - 113 bolts
 M - 2 tomahawks (quivered)
 O - 86 poisoned needles
Armour
 c - a +0 shield (worn)
 t - a +2 cloak (worn)
 F - a +1 chain mail of poison resistance (worn)
 P - a +0 pair of gloves (worn)
 T - a +0 pair of boots (worn)
 V - a +0 plate armour
 W - a cursed +0 chain mail
Jewellery
 a - a +4 ring of strength {unknown}
 b - an uncursed ring of protection from fire
 g - an uncursed ring of protection from fire
 j - a +3 ring of slaying (right hand)
 k - a cursed amulet of magic regeneration (around neck)
 B - an uncursed ring of flight
 C - an uncursed ring of wizardry
 I - a +5 ring of protection (left hand)
Wands
 u - a wand of polymorph (3)
 z - a wand of iceblast (6)
 N - a wand of digging (2)
Scrolls
 i - 7 scrolls of immolation
 l - 2 scrolls of noise {unknown}
 o - 3 scrolls of blinking {unknown}
 r - 6 scrolls of magic mapping {unknown}
 v - 16 scrolls of remove curse
 D - 9 scrolls of teleportation
 E - 2 scrolls of fear
 G - a scroll of vulnerability {unknown}
 J - a scroll of silence {unknown}
 Z - a scroll of holy word
Potions
 d - 2 potions of might
 h - 4 potions of agility
 p - 4 potions of flight
 q - 2 potions of magic
 w - a potion of mutation
 Q - a potion of cancellation
 R - 5 potions of curing
Comestibles
 f - 22 rations


   Skills:
 - Level 12.4(0.0) Fighting
 + Level 18.2(0.5) Axes
 - Level 11.1(0.0) Armour
 - Level 9.0(0.0) Dodging
 - Level 3.2(0.0) Shields
 - Level 11.0(0.0) Invocations


You had 13 spell levels left.
You didn't know any spells.
Your spell library contained the following spells:

 Spells                   Type           Power        Failure   Level  Hunger
 Apportation              Tloc           #.....       100%        1    ##.....
 Confusing Touch          Hex            #.....       100%        1    ##.....
 Freeze                   Ice            #...         100%        1    ##.....
 Infusion                 Chrm           #...         100%        1    ##.....
 Summon Butterflies       Summ           #.......     100%        1    ##.....
 Shroud of Golubria       Chrm/Tloc      #.........   100%        2    ###....
 Song of Slaying          Chrm           #.......     100%        2    ###....
 Throw Frost              Conj/Ice       #.....       100%        2    ###....
 Confuse                  Hex            #.......     100%        3    ####...
 Gell's Gravitas          Tloc           #.........   100%        3    ####...
 Lesser Beckoning         Tloc           #.........   100%        3    ####...
 Ozocubu's Armour         Chrm/Ice       #.......     100%        3    ####...
 Regeneration             Chrm/Necr      #.........   100%        3    ####...
 Spectral Weapon          Hex/Chrm       #.......     100%        3    ####...
 Tukima's Dance           Hex            #.......     100%        3    ####...
 Petrify                  Tmut/Erth      #.......     100%        4    #####..
 Summon Ice Beast         Ice/Summ       #.......     100%        4    #####..
 Summon Lightning Spire   Summ/Air       #.......     100%        4    #####..
 Throw Icicle             Conj/Ice       #.......     100%        4    #####..
 Alistair's Intoxication  Tmut/Pois      #.......     100%        5    ######.
 Metabolic Englaciation   Hex/Ice        #.........   100%        5    ######.
 Silence                  Hex/Air        #.........   100%        5    ######.
 Yara's Violent Unravell  Hex/Tmut       #.........   100%        5    ######.
 Conjure Ball Lightning   Conj/Air       #.........   100%        6    #######
 Deflect Missiles         Chrm/Air       #.........   100%        6    #######
 Invisibility             Hex            #.......     100%        6    #######
 Tornado                  Air            #.........   100%        9    #######


Dungeon Overview and Level Annotations

Branches:
Dungeon (15/15)            Temple (1/1) D:5            Lair (3/6) D:10
 Shoals (0/4) Lair:2        Snake (0/4) Lair:2          Orc (0/2) D:10
 Vaults (0/5) D:13
 Depths: D:15

Altars:
Ashenzari
Cheibriados
Elyvilon
Fedhas
Gozag
Kikubaaqudgha
Makhleb
Nemelex Xobeh
Okawaru
Qazlal
Ru
Sif Muna
Trog
Uskayaw
Vehumet
Xom
Zin
Jiyva

Shops:
D:4 %?(*   D:6 :

Annotations:
D:9 3 runed doors, Duffy's ghost, novice NaFi; Zanta616's ghost, novice MiGl
Lair:2 3 runed doors, exclusion: oklob plant, Depyiwoq's ghost, journeyman TrEE


Message History

You block the blink frog's attack.
You feel yourself speed up.
You feel a little less agile now.
The blink frog hits you but does no damage.
You closely miss the blink frog.
The blink frog is heavily wounded.
The blink frog hits you!
* * * LOW HITPOINT WARNING * * *
The blink frog hits you.
* * * LOW HITPOINT WARNING * * *
Unknown command.
Unknown command.
There is an open door here.
The blink frog blinks!
The blink frog hits you but does no damage.
The blink frog blinks!
The blink frog blinks!
The blink frog blinks!
The blink frog hits you!
You die...

.P ######### ##.###. ..
........ ...... . #.#
##.....## ......
..#..####...§...# ###.....
#......#.......####§#.....
.#......#P......##..+†+....
........+.......##..##.....
#.....<..F..§...'..###....
##.......@.....###.# #....
...............## ####.....
.#......P#.....#.######....
...##.#.##.................
.. #.#.###.................
. .........................
..........................
..............##..##.##...
#####.#....... ##.#


You could see a blink frog.

Vanquished Creatures
  6 hydras
  4 two-headed ogres
  Erica (Lair:1)
  4 centaur warriors
  2 dancing weapons (D:13)
  Sonja (Lair:2)
  5 unseen horrors
  Pikel (D:5)
  A faun (shapeshifter) (D:15)
  A wolf spider (D:15)
  A deep elf mage (D:14)
  A manticore (D:15)
  3 cyclopes
  18 ugly things
  A centaur zombie (D:14)
  Joseph (D:7)
  A gargoyle (D:14)
  2 spiny frogs
  2 centaur skeletons
  A komodo dragon (Lair:2)
  An efreet (D:14)
  A tengu conjurer (D:15)
  A jumping spider (shapeshifter) (D:14)
  2 trolls (D:11)
  13 blink frogs
  Prince Ribbit (D:8)
  4 hippogriffs
  A meliai zombie (D:12)
  Sigmund (D:2)
  3 shadows
  A spriggan (D:7)
  A wraith (D:10)
  18 yaks
  A yak (shapeshifter) (D:14)
  2 vampires
  4 wyverns
  A steam dragon (D:13)
  A basilisk (D:11)
  2 hungry ghosts
  An acid dragon (D:13)
  4 water moccasins
  3 porcupines
  5 orc warriors
  5 ice beasts
  A slave (D:5)
  2 phantoms
  4 sky beasts
  A black bear (D:7)
  7 ogres
  4 centaurs
  7 wolves
  2 crocodiles
  A big kobold (D:8)
  12 bullfrogs
  2 wyvern zombies
  A scorpion (D:14)
  4 killer bees (D:12)
  5 howler monkeys
  4 wights (D:10)
  2 electric eels (D:10)
  4 crimson imps
  3 jellies
  2 bullfrog skeletons
  7 orc priests
  9 hounds
  9 orc wizards
  5 iguanas
  11 worker ants
  2 hound zombies
  A hound skeleton (D:4)
  A worker ant zombie (D:5)
  4 gnolls
  8 adders
  2 shadow imps (D:5)
  An ooze (D:3)
  An adder zombie (D:6)
  An adder skeleton (D:9)
  A worm (D:2)
  A dart slug (D:5)
  6 leopard geckos
  37 orcs
  A ball python (D:2)
  8 bats
  4 giant cockroaches
  6 goblins
  14 hobgoblins
  7 jackals
  5 quokkas
  5 frilled lizards
  A jackal skeleton (D:5)
  A jackal zombie (D:5)
  16 kobolds
  A leopard gecko skeleton (D:4)
  A leopard gecko zombie (D:6)
  A quokka skeleton (D:5)
  4 rats
  2 plants (Lair:2)
386 creatures vanquished.

Vanquished Creatures (collateral kills)
  Gastronok (Lair:2)
  A two-headed ogre (D:10)
  An eye of draining (D:12)
  A scorpion (D:12)
4 creatures vanquished.

Vanquished Creatures (others)
  A fungus (Lair:1)
  12 toadstools (Lair:2)
13 creatures vanquished.

Grand Total: 403 creatures vanquished

Notes
Turn   | Place    | Note
-------+----------+-------------------------------------------
     0 | D:1      | ohad the Hill Orc Fighter began the quest for the Orb.
     0 | D:1      | Reached XP level 1. HP: 19/19 MP: 1/1
    26 | D:1      | Reached skill level 3 in Axes
    89 | D:1      | Reached XP level 2. HP: 26/26 MP: 2/2
   162 | D:1      | Reached skill level 4 in Axes
   356 | D:1      | Found a shattered altar of Ashenzari.
   358 | D:1      | Reached XP level 3. HP: 30/31 MP: 3/3
   630 | D:1      | Reached skill level 5 in Axes
   723 | D:2      | Noticed Sigmund
   901 | D:2      | Killed Sigmund
   901 | D:2      | Reached skill level 7 in Axes
   901 | D:2      | Reached XP level 4. HP: 33/39 MP: 4/4
   901 | D:2      | Reached XP level 5. HP: 39/45 MP: 5/5
   929 | D:2      | You fall through a shaft!
  1174 | D:3      | Found a deep blue altar of Sif Muna.
  1239 | D:3      | Reached skill level 8 in Axes
  1239 | D:3      | Reached XP level 6. HP: 38/51 MP: 6/6
  2612 | D:4      | Reached skill level 9 in Axes
  2870 | D:4      | Reached XP level 7. HP: 55/57 MP: 7/7
  2983 | D:4      | Found Wenn's Weapon Emporium.
  3024 | D:4      | Reached skill level 10 in Axes
  3092 | D:4      | Found Foudah's Magic Scroll Emporium.
  3096 | D:4      | Bought a scroll of enchant weapon for 90 gold pieces
  3096 | D:4      | Bought a scroll of remove curse for 36 gold pieces
  3214 | D:4      | Found Dif Vur's Food Boutique.
  3359 | D:4      | Found Guugaun's General Store.
  3391 | D:4      | Got a crude mace
  3529 | D:5      | Entered Level 5 of the Dungeon
  3715 | D:5      | Reached skill level 11 in Axes
  3772 | D:5      | Reached XP level 8. HP: 62/64 MP: 8/8
  3844 | D:5      | Found a staircase to the Ecumenical Temple.
  3856 | Temple   | Entered the Ecumenical Temple
  3882 | Temple   | Became a worshipper of Makhleb the Destroyer
  3966 | D:5      | Noticed Pikel
  3987 | D:5      | Killed Pikel
  3987 | D:5      | Reached skill level 13 in Axes
  4212 | D:4      | Bought a scroll of teleportation for 36 gold pieces
  4212 | D:4      | Bought a scroll of fear for 42 gold pieces
  4518 | D:6      | Reached skill level 14 in Axes
  4518 | D:6      | Reached XP level 9. HP: 33/70 MP: 9/9
  4983 | D:6      | Found Kuloura's Book Emporium.
  5584 | D:7      | Reached * piety under Makhleb
  5711 | D:7      | Reached skill level 15 in Axes
  5785 | D:7      | Noticed Joseph
  5804 | D:7      | Killed Joseph
  5804 | D:7      | Reached skill level 16 in Axes
  6330 | D:7      | Reached XP level 10. HP: 68/77 MP: 10/10
  6603 | D:8      | Reached skill level 17 in Axes
  6719 | D:8      | Noticed Prince Ribbit
  6733 | D:8      | Killed Prince Ribbit
  6733 | D:8      | Reached skill level 1 in Dodging
  6785 | D:8      | Reached ** piety under Makhleb
  7356 | D:9      | Found a runed gate.
  7356 | D:9      | Found a runed gate.
  7356 | D:9      | Found a runed gate.
  7356 | D:9      | Noticed Zanta616's ghost (novice MiGl)
  7356 | D:9      | Noticed Duffy's ghost (novice NaFi)
  7580 | D:9      | You fall through a shaft for 2 floors!
  7588 | D:11     | Found a snail-covered altar of Cheibriados.
  7700 | D:10     | Entered Level 10 of the Dungeon
  7727 | D:11     | Reached skill level 5 in Armour
  7937 | D:10     | Found a staircase to the Lair.
  8134 | D:10     | Reached skill level 5 in Fighting
  8156 | D:10     | Reached XP level 11. HP: 89/89 MP: 11/11
  8425 | D:10     | Reached *** piety under Makhleb
  8447 | D:10     | Found a staircase to the Orcish Mines.
  8691 | D:10     | Noticed a two-headed ogre
  8704 | D:10     | Killed a two-headed ogre
  8756 | D:10     | Found a shimmering altar of Xom.
  8756 | D:10     | Found a shimmering altar of Xom.
  8757 | D:10     | Found a shimmering altar of Xom.
  8760 | D:10     | Found a shimmering altar of Xom.
  8761 | D:10     | Found a shimmering altar of Xom.
  8839 | D:11     | Noticed a brown ugly thing
  8846 | D:11     | Killed a brown ugly thing
  8971 | D:11     | Reached skill level 5 in Invocations
  8979 | D:11     | Killed an unseen horror
  9060 | D:11     | Noticed a two-headed ogre
  9070 | D:11     | Killed a two-headed ogre
  9625 | D:12     | Reached skill level 5 in Dodging
  9687 | D:12     | Noticed an eight-headed hydra
  9691 | D:12     | Identified the +8 mace "Onlimnu" {crush, +Blink rElec Int+9
                  | Dex-4} (You found it on level 4 of the Dungeon)
  9696 | D:12     | Killed an eight-headed hydra
  9725 | D:12     | Noticed a purple ugly thing
  9739 | D:12     | Killed a purple ugly thing
  9817 | D:12     | Found a sacrificial altar of Ru.
  9885 | D:12     | Noticed a cyclops
  9898 | D:12     | Killed a cyclops
 10359 | Lair:1   | Entered Level 1 of the Lair of Beasts
 10749 | Lair:1   | Noticed a four-headed hydra
 10760 | Lair:1   | Killed a four-headed hydra
 10774 | Lair:1   | Noticed Erica
 11111 | D:13     | Noticed a white ugly thing
 11252 | D:13     | Killed a white ugly thing
 11453 | D:13     | Noticed a two-headed ogre
 11467 | D:13     | Killed a two-headed ogre
 11467 | D:13     | Reached skill level 18 in Axes
 11467 | D:13     | Reached XP level 12. HP: 97/97 MP: 16/16
 11514 | D:13     | Found a gate to the Vaults.
 12210 | D:13     | Noticed a centaur warrior
 12223 | D:13     | Killed a centaur warrior
 12852 | D:14     | Reached **** piety under Makhleb
 13188 | D:14     | Noticed a two-headed ogre
 13196 | D:14     | Killed a two-headed ogre
 13300 | D:14     | Reached XP level 13. HP: 105/110 MP: 17/17
 13548 | D:14     | Reached skill level 10 in Fighting
 13825 | D:15     | Entered Level 15 of the Dungeon
 14224 | D:15     | Reached skill level 10 in Armour
 14384 | D:15     | Reached ***** piety under Makhleb
 14565 | D:15     | Noticed a fire dragon
 14565 | D:15     | Noticed a fire dragon
 15236 | Lair:1   | Killed Erica
 15570 | Lair:2   | Noticed Gastronok
 15578 | Lair:2   | Killed Gastronok
 15578 | Lair:2   | Reached XP level 14. HP: 115/127 MP: 18/20
 15624 | Lair:2   | Found a staircase to the Snake Pit.
 15641 | Lair:2   | Found a staircase to the Shoals.
 15804 | Lair:2   | Found a runed gate.
 15806 | Lair:2   | Found a runed gate.
 15806 | Lair:2   | Found a runed gate.
 15811 | Lair:2   | Noticed Depyiwoq's ghost (journeyman TrEE)
 15819 | Lair:2   | Found a viscous altar of Jiyva.
 15869 | Lair:2   | Reached skill level 10 in Invocations
 15869 | Lair:2   | Noticed Sonja
 15935 | Lair:2   | Killed Sonja
 16555 | Lair:2   | Found a blossoming altar of Fedhas.
 17008 | Lair:3   | Slain by a blink frog

Vault maps used:
D:1:      sevenhm_arrival_forest_fort_small_3, minmay_misc_feat_pillars,
          kennysheep_flooded_box, minmay_heptomino_d4
D:2:      first_ration, uniq_sigmund
D:3:      marbit_many_paths
D:4:      serial_glass, glass_columns_a, glass_columns_b, serial_shops, shop,
          shop, nicolae_shop_behind_doors, shop_statue
D:5:      minmay_temple_entry_grid, kennysheep_potato, uniq_pikel
D:6:      serial_shops, shop
D:7:      the_bakery, uniq_joseph
D:8:      grunt_decor_clamped, uniq_prince_ribbit1
D:9:      gammafunk_ghost_cemetery
D:10:     erik_lair_island, orc_0_dummy, xom_shifter_show
D:11:     cheibriados_altar_1
D:12:     basic_altar
D:13:     erik_vaults_1, gauntlet_entry_generic, lemuel_another_geyser
D:14:     roderic_roman_lattice
D:15:     grunt_enter_depths_hoard, minmay_misc_feat_alley,
          lightli_fourway_metalbox
Temple:   grunt_wide_crystal_templ
Lair:1:   uniq_erica
Lair:2:   elwin_shoals_entry_rocks, guppyfry_snake_entry_island,
          gammafunk_ghost_ooze, tgw_fedhas, grunt_megastairs_5, uniq_sonja,
          uniq_gastronok

Skill      XL: |  1  2  3  4  5  6  7  8  9 10 11 12 13 14 |
---------------+-------------------------------------------+-----
Axes           | 3 4 7 8 9 11 14 16 17 18 | 18.2
Dodging        | 3 6 9 |  9.0
Armour         | 6 8 11 | 11.1
Fighting       | 5 6 8 12 | 12.4
Invocations    | 6 8 11 | 11.0
Shields        | |  3.2

Action                   |  1- 3 |  4- 6 |  7- 9 | 10-12 | 13-15 || total
-------------------------+-------+-------+-------+-------+-------++-------
Melee: War axe           |   119 |    92 |   294 |   532 |   380 ||  1417
       Broad axe         |       |       |       |    57 |       ||    57
       Mace              |       |       |       |    10 |    21 ||    31
       Unarmed           |       |       |       |     1 |       ||     1
Invok: Lesser Servant of |       |       |       |     6 |     4 ||    10
  Use: Potion            |     1 |       |       |     5 |     5 ||    11
       Scroll            |       |     2 |     5 |     9 |     3 ||    19
 Stab: Distracted        |       |       |       |       |     1 ||     1
  Eat: Chunk             |       |     6 |    14 |    12 |     9 ||    41
       Ration            |       |       |       |     4 |     1 ||     5
Armor: Scale mail        |    53 |    22 |    36 |       |       ||   111
       Chain mail        |       |       |    69 |   266 |   292 ||   627
Dodge: Dodged            |    31 |    21 |    49 |   142 |   137 ||   380
Block: Shield            |    70 |    37 |   101 |   213 |   150 ||   571

Table legend:
 A = Non-vault XP
 B = Vault XP
 C = Vault XP percentage of total XP
 D = Non-vault monster count
 E = Vault monster count
 F = Vault count percentage of total count
                 A         B        C        D         E       F
            +---------+---------+-------+---------+---------+-------
      Total |   51315 |   12553 |  19.7 |     353 |      34 |   8.8
            +---------+---------+-------+---------+---------+-------
        D:1 |      48 |       6 |  11.1 |      28 |       3 |   9.7
        D:2 |      21 |     227 |  91.5 |      11 |       1 |   8.3
        D:3 |     125 |       7 |   5.3 |      17 |       1 |   5.6
        D:4 |     486 |       0 |   0.0 |      21 |       0 |   0.0
        D:5 |     492 |     607 |  55.2 |      18 |       1 |   5.3
        D:6 |     545 |       0 |   0.0 |      14 |       0 |   0.0
        D:7 |    1435 |     671 |  31.9 |      32 |       2 |   5.9
        D:8 |     778 |     255 |  24.7 |      17 |       1 |   5.6
        D:9 |     900 |       0 |   0.0 |      10 |       0 |   0.0
       D:10 |    2241 |     509 |  18.5 |      23 |       7 |  23.3
       D:11 |    3620 |     407 |  10.1 |      12 |       2 |  14.3
       D:12 |    2625 |       0 |   0.0 |      18 |       0 |   0.0
       D:13 |    7363 |    1808 |  19.7 |      37 |       2 |   5.1
       D:14 |   14131 |       0 |   0.0 |      32 |       0 |   0.0
       D:15 |    8779 |    2062 |  19.0 |      30 |       4 |  11.8
     Lair:1 |    3060 |     785 |  20.4 |      12 |       1 |   7.7
     Lair:2 |    3883 |    5209 |  57.3 |      18 |       9 |  33.3
     Lair:3 |     783 |       0 |   0.0 |       3 |       0 |   0.0
            +---------+---------+-------+---------+---------+-------
